[Event "Liberia Championship 2023"]
[Site "Monrovia"]
[Date "2024.01.21"]
[Round "7.2"]
[White "Anthony Waylea, Jr."]
[Black "Obediah Saah"]
[Result "1/2-1/2"]
[ECO "C18"]
[WhiteElo "1939"]
[BlackElo "1756"]
[Annotator "RC"]
[PlyCount "82"]
[EventDate "2024.01.16"]
[EventType "swiss"]
[EventCountry "LBR"]
[SourceTitle "playchess.com"]
[Source "ChessBase"]
[SourceQuality "1"]
[TimeControl "40/5400+30:1800+30"]

1. e4 e6 2. d4 d5 3. Nc3 Bb4 4. e5 c5 5. a3 Bxc3+ 6. bxc3 Qc7 7. f4 Ne7 8. Nf3 a5 9. a4 b6 10. Bd3 Ba6 11. O-O Bxd3 12. Qxd3 c4 13. Qe2 h5 14. Ba3 Nf5 15. g3 Nc6 16. Rfb1 Na7 17. Rb2 Nc8 18. Rab1 Ra6 19. Qe1 Rh6 20. Ng5 Qc6 21. Rb5 Ra7 22. Qc1 f6 23. Nf3 Rd7 24. Kf2 Rg6 25. Qf1 Kf7 26. Qh3 Rh6 27. Qg2 Rg6 28. Qh3 Rh6 29. Ng5+ fxg5 30. fxg5 Rh8 31. g4 g6 32. gxf5 exf5 33. Qf3 Ke6 34. h4 Rhh7 35. Ke3 Rb7 36. Kf4 Ra7 37. Qd1 Rhb7 38. R1b2 Ra8 39. Qb1 Rab8 40. Bc5 Qc7 41. Ba3 Qc6 1/2-1/2

[Event "Liberia Championship 2023"]
[Site "Monrovia"]
[Date "2024.01.21"]
[Round "7.3"]
[White "Barcon, Harmon"]
[Black "Joel O. Ebiekuta"]
[Result "1-0"]
[ECO "C64"]
[WhiteElo "1902"]
[BlackElo "1875"]
[Annotator "RC"]
[PlyCount "99"]
[EventDate "2024.01.16"]
[EventType "swiss"]
[EventCountry "LBR"]
[SourceTitle "playchess.com"]
[Source "ChessBase"]
[SourceQuality "1"]
[TimeControl "40/5400+30:1800+30"]

1. e4 e5 2. Nf3 Nc6 3. Bb5 Bc5 4. O-O Nge7 5. c3 Bb6 6. d4 exd4 7. cxd4 O-O 8. Be3 d5 9. e5 f6 10. exf6 Rxf6 11. h3 h6 12. Ne5 Qd6 13. Bxc6 bxc6 14. Nc3 Ba6 15. Re1 Raf8 16. Na4 Nf5 17. Nxb6 Nxe3 18. Rxe3 axb6 19. f3 c5 20. Rc1 cxd4 21. Qxd4 c5 22. Qh4 Rf4 23. Qg3 Kh7 24. Rce1 d4 25. Ra3 d3 26. Rxa6 d2 27. Rd1 Qxe5 28. Rxd2 R8f6 29. Qf2 Qg5 30. Ra3 Rh4 31. Kh2 Re4 32. Rad3 Qe5+ 33. Qg3 Ref4 34. Rd5 Qb8 35. Rd6 Qf8 36. Rd8 Qf7 37. R2d7 Qg6 38. Rb8 Rc4 39. Qxg6+ Rxg6 40. Rd2 Re6 41. Kg3 Kg6 42. Kf2 Rc1 43. f4 h5 44. Rf8 Kh7 45. f5 Ree1 46. Rdd8 Kh6 47. h4 g6 48. Rh8+ Kg7 49. Rdg8+ Kf7 50. Rf8+ 1-0

[Event "Liberia Championship 2023"]
[Site "Monrovia"]
[Date "2024.01.21"]
[Round "7.4"]
[White "James, Tondo"]
[Black "David Leroy Debblay"]
[Result "0-1"]
[ECO "D63"]
[WhiteElo "1837"]
[BlackElo "1791"]
[Annotator "NA RC"]
[PlyCount "92"]
[EventDate "2024.01.16"]
[EventType "swiss"]
[EventCountry "LBR"]
[SourceTitle "playchess.com"]
[Source "ChessBase"]
[SourceQuality "1"]
[TimeControl "40/5400+30:1800+30"]

1. d4 Nf6 2. c4 d5 3. Nf3 e6 4. Bg5 Be7 5. e3 c6 6. Nc3 Nbd7 7. Rc1 O-O 8. a3 dxc4 9. Bxc4 Nd5 10. Bxe7 Nxe7 11. O-O Ng6 12. Re1 Nf6 13. Qc2 Re8 14. Red1 Qc7 15. Bd3 a6 16. h4 Ng4 17. g3 Bd7 18. h5 Nf8 19. Kg2 f5 20. Rh1 h6 21. Bc4 Kh8 22. Ba2 Re7 23. Ne2 Be8 24. d5 exd5 25. Qxf5 Bd7 26. Qd3 Ne5 27. Nxe5 Qxe5 28. Bb1 Bg4 29. Rh4 Bxh5 30. Nf4 Bf7 31. Qd2 Kg8 32. Rch1 Rd8 33. Nd3 Qd6 34. Rg4 Bg6 35. Rhh4 Bf5 36. Rf4 Ng6 37. Rh5 Nxf4+ 38. exf4 Qg6 39. Rh1 Rde8 40. Rd1 Re2 41. Qc1 Qh5 42. Ne5 Bh3+ 43. Kg1 R8xe5 44. Qc3 R5e3 45. Qa5 Qf3 46. Qd8+ Re8 0-1

[Event "Liberia Championship 2023"]
[Site "Monrovia"]
[Date "2024.01.21"]
[Round "7.5"]
[White "Daniel Kolliemelen"]
[Black "John Jallah"]
[Result "0-1"]
[ECO "A03"]
[WhiteElo "1809"]
[BlackElo "1761"]
[Annotator "NA RC"]
[PlyCount "82"]
[EventDate "2024.01.16"]
[EventType "swiss"]
[EventCountry "LBR"]
[SourceTitle "playchess.com"]
[Source "ChessBase"]
[SourceQuality "1"]
[TimeControl "40/5400+30:1800+30"]

1. d4 d5 2. f4 Nf6 3. e3 g6 4. Nf3 Bg7 5. Bd3 c5 6. c3 Nc6 7. Nbd2 c4 8. Bc2 O-O 9. O-O Bf5 10. Re1 e6 11. h3 h5 12. Ne5 Rc8 13. e4 Nxe4 14. Bxe4 Bxe4 15. Nxe4 dxe4 16. Rxe4 Qd5 17. Re1 Rfd8 18. Qe2 a6 19. Be3 b5 20. Rad1 a5 21. Bc1 Ne7 22. g4 hxg4 23. hxg4 Bxe5 24. fxe5 Kf8 25. Rf1 Ke8 26. Rde1 Kd7 27. Rxf7 Rh8 28. Qg2 Qxg2+ 29. Kxg2 Rcf8 30. Rxf8 Rxf8 31. Rh1 Rf7 32. Rh6 b4 33. Bd2 Nd5 34. Rxg6 Nf4+ 35. Bxf4 Rxf4 36. Kg3 Rf1 37. Rf6 Rxf6 38. exf6 a4 39. Kf2 a3 40. bxa3 b3 41. axb3 cxb3 0-1

[Event "Liberia Championship 2023"]
[Site "Monrovia"]
[Date "2024.01.21"]
[Round "7.6"]
[White "Alfred J. Kollie"]
[Black "Jacob, Jallah"]
[Result "1-0"]
[ECO "A45"]
[WhiteElo "1612"]
[BlackElo "1781"]
[Annotator "NA RC"]
[PlyCount "73"]
[EventDate "2024.01.16"]
[EventType "swiss"]
[EventCountry "LBR"]
[SourceTitle "playchess.com"]
[Source "ChessBase"]
[SourceQuality "1"]
[TimeControl "40/5400+30:1800+30"]

1. d4 Nf6 2. Bg5 c5 3. d5 d6 4. c4 Nbd7 5. Nc3 a6 6. Qa4 g6 7. e4 Bg7 8. Nf3 O-O 9. Bd3 Ng4 10. O-O Nde5 11. Be2 Nxf3+ 12. Bxf3 Bxc3 13. bxc3 Ne5 14. Be2 Kg7 15. f4 Nd7 16. Qc2 f6 17. Bh4 Qe8 18. Bg4 Qd8 19. Rab1 Rb8 20. a4 Qa5 21. Qb3 h6 22. Bg3 f5 23. exf5 gxf5 24. Bf3 Nf6 25. Rfe1 Rf7 26. Bh4 Bd7 27. Bxf6+ Kxf6 28. Ra1 Qc7 29. Qc2 e6 30. Qf2 exd5 31. Qh4+ Kg7 32. Bxd5 Be8 33. Bxf7 Bxf7 34. Re7 Qa5 35. Qg3+ Kf8 36. Rae1 Qxa4 37. Qh3 1-0

[Event "Liberia Championship 2023"]
[Site "Monrovia"]
[Date "2024.01.21"]
[Round "7.7"]
[White "Foday W. Kondoh"]
[Black "Martin Dunbar"]
[Result "1-0"]
[ECO "C23"]
[WhiteElo "1785"]
[BlackElo "1709"]
[Annotator "NA RC"]
[PlyCount "115"]
[EventDate "2024.01.16"]
[EventType "swiss"]
[EventCountry "LBR"]
[SourceTitle "playchess.com"]
[Source "ChessBase"]
[SourceQuality "1"]
[TimeControl "40/5400+30:1800+30"]

1. e4 e5 2. Bc4 Nc6 3. c3 Bc5 4. Ne2 d6 5. d4 exd4 6. cxd4 Bb6 7. O-O Bg4 8. f3 Bh5 9. Nbc3 a6 10. Nd5 Ba7 11. Ndf4 Bg6 12. Be3 Qd7 13. a3 Nf6 14. b4 b5 15. Ba2 Bb6 16. Rc1 O-O 17. Nxg6 hxg6 18. Nf4 Ne7 19. Qd3 Rac8 20. d5 Bxe3+ 21. Qxe3 Rfe8 22. Qf2 Ra8 23. Rc3 Rec8 24. Rfc1 a5 25. bxa5 Rxa5 26. Qb2 Ne8 27. Nd3 Rca8 28. Nb4 g5 29. Bb1 Ng6 30. Nc6 Ra4 31. Bd3 b4 32. Nxb4 Qe7 33. Bb5 Nf4 34. g3 Ng6 35. Bxa4 Rxa4 36. Qe2 Qf6 37. Qe3 Ne5 38. Rf1 Qg6 39. Nc6 Qf6 40. Nxe5 Qxe5 41. Re1 Kh7 42. f4 gxf4 43. gxf4 Qf6 44. Rc2 Qh6 45. Kh1 Nf6 46. Qf3 Qh4 47. Rg1 Nxe4 48. Rcg2 g6 49. f5 g5 50. Rf1 Nf6 51. Qe3 Nxd5 52. Qxg5 Qxg5 53. Rxg5 Rxa3 54. f6 c6 55. Rg7+ Kh6 56. Rxf7 Kg6 57. Rg7+ Kh6 58. f7 1-0

[Event "Liberia Championship 2023"]
[Site "Monrovia"]
[Date "2024.01.21"]
[Round "7.8"]
[White "Kennedy Zinnah Kengo"]
[Black "Bobby Ballah"]
[Result "1-0"]
[ECO "B30"]
[WhiteElo "1789"]
[BlackElo "1913"]
[Annotator "RC"]
[PlyCount "72"]
[EventDate "2024.01.16"]
[EventType "swiss"]
[EventCountry "LBR"]
[SourceTitle "playchess.com"]
[Source "ChessBase"]
[SourceQuality "1"]
[TimeControl "40/5400+30:1800+30"]

1. e4 c5 2. Nc3 Nc6 3. Nf3 g6 4. b3 Bg7 5. Bb2 Nf6 6. Nd5 O-O 7. Nxf6+ exf6 8. Be2 Re8 9. d3 f5 10. e5 Nxe5 11. Nxe5 Bxe5 12. Bxe5 Rxe5 13. O-O Qb6 14. Qd2 d5 15. Bf3 d4 16. Qf4 Re8 17. Rfe1 Bd7 18. a4 Bc6 19. Bxc6 Qxc6 20. Kf1 a6 21. h4 h5 22. a5 b5 23. Re5 Rxe5 24. Qxe5 Re8 25. Qf4 Qe6 26. Rc1 Qe2+ 27. Kg1 Kg7 28. g3 Re6 29. Kg2 Re3 30. b4 Qd2 31. bxc5 Qxc1 32. Qxd4+ Kh7 33. Qxe3 Qxc2 34. Qd4 Qd2 35. c6 Qxa5 36. Qd7 Qb6 1-0

[Event "Liberia Championship 2023"]
[Site "Monrovia"]
[Date "2024.01.21"]
[Round "7.9"]
[White "Miller Moore"]
[Black "Harold Evans"]
[Result "1/2-1/2"]
[ECO "B01"]
[WhiteElo "1677"]
[BlackElo "1735"]
[Annotator "NA RC"]
[PlyCount "132"]
[EventDate "2024.01.16"]
[EventType "swiss"]
[EventCountry "LBR"]
[SourceTitle "playchess.com"]
[Source "ChessBase"]
[SourceQuality "1"]
[TimeControl "40/5400+30:1800+30"]

1. e4 d5 2. exd5 Qxd5 3. Nc3 Qd6 4. Nge2 Nc6 5. d4 Bg4 6. f3 Bd7 7. Bf4 e5 8. dxe5 Qb4 9. Qd2 O-O-O 10. O-O-O Bc5 11. Nd5 Qa4 12. Nec3 Qa5 13. Bc4 Nge7 14. Ne4 Bb4 15. c3 Nxd5 16. Qxd5 Be6 17. Qxa5 Bxa5 18. Bxe6+ fxe6 19. Rhe1 Bb6 20. Ng5 Rde8 21. Rd3 h6 22. Ne4 Rd8 23. Red1 Rxd3 24. Rxd3 Rd8 25. Kc2 Ne7 26. Rxd8+ Kxd8 27. c4 Bd4 28. Kd3 Bxb2 29. Nc5 Ng6 30. Ke4 Ke7 31. Nxb7 Ba3 32. Be3 a6 33. Bc5+ Bxc5 34. Nxc5 a5 35. a4 Nh4 36. g3 Ng2 37. Nb3 Ne1 38. Nxa5 Nc2 39. Nb3 Nb4 40. Kd4 Kd8 41. f4 g6 42. Nc5 Ke7 43. a5 Nc6+ 44. Kc3 Nxa5 45. Ne4 Nc6 46. Nf6 Kf7 47. c5 Ne7 48. Kc4 g5 49. Kb5 gxf4 50. gxf4 Kg6 51. Ne8 c6+ 52. Kb6 Kf5 53. Kc7 Kxf4 54. Kd6 Ng6 55. Ng7 Nxe5 56. Nxe6+ Ke4 57. Nd8 Nd3 58. Nxc6 h5 59. Ne7 Nxc5 60. Kxc5 Kf3 61. h4 Kg4 62. Ng6 Kf5 63. Kd5 Kxg6 64. Ke6 Kg7 65. Kf5 Kh6 66. Kf6 Kh7 1/2-1/2

[Event "Liberia Championship 2023"]
[Site "Monrovia"]
[Date "2024.01.21"]
[Round "7.10"]
[White "Prince Jegbadai"]
[Black "Rudolph Edwards"]
[Result "1-0"]
[ECO "D00"]
[WhiteElo "1627"]
[BlackElo "1630"]
[Annotator "NA RC"]
[PlyCount "71"]
[EventDate "2024.01.16"]
[EventType "swiss"]
[EventCountry "LBR"]
[SourceTitle "playchess.com"]
[Source "ChessBase"]
[SourceQuality "1"]
[TimeControl "40/5400+30:1800+30"]

1. d4 d5 2. Bf4 Nf6 3. e3 Bf5 4. Nc3 e6 5. a3 a6 6. h3 h6 7. Nf3 Bd6 8. Be5 Nc6 9. b4 b5 10. Be2 O-O 11. O-O Rb8 12. Bxd6 Qxd6 13. Nh4 Bh7 14. f4 Ne7 15. Nf3 Nf5 16. Qd2 Ng3 17. Rf2 Nfe4 18. Nxe4 Nxe4 19. Qe1 Nxf2 20. Kxf2 Bxc2 21. Qc3 Be4 22. Rc1 Rfc8 23. Ne5 Rb6 24. Bd3 Qe7 25. g3 g5 26. Bxe4 dxe4 27. Ng4 h5 28. Ne5 Rd6 29. Qc2 f5 30. Qe2 g4 31. hxg4 hxg4 32. Rh1 Kg7 33. Nxg4 Rc6 34. Ne5 Rd6 35. Qh5 Rg8 36. Qh6# 1-0

[Event "Liberia Championship 2023"]
[Site "Monrovia"]
[Date "2024.01.23"]
[Round "8.1"]
[White "John Jallah"]
[Black "Thomas, Saah"]
[Result "0-1"]
[ECO "B54"]
[WhiteElo "1761"]
[BlackElo "1889"]
[Annotator "NA RC"]
[PlyCount "102"]
[EventDate "2024.01.16"]
[EventType "swiss"]
[EventCountry "LBR"]
[SourceTitle "playchess.com"]
[Source "ChessBase"]
[SourceQuality "1"]
[TimeControl "40/5400+30:1800+30"]

1. e4 c5 2. Nf3 d6 3. d4 cxd4 4. Nxd4 a6 5. Nc3 e5 6. Nf3 {[%emt 0:01:34] B54: Sizilianisch (Rauser Anti-Drachen-Variante).} h6 7. Bc4 Nf6 8. Nxe5 dxe5 9. Bxf7+ Ke7 10. Bd5 Nc6 11. Be3 Be6 12. O-O Kf7 13. f4 Qc7 14. fxe5 Qxe5 15. Bxc6 bxc6 16. Kh1 Kg6 17. Bd4 Qh5 18. Qd3 Ng4 19. Qg3 Be7 20. Ne2 Bg5 21. Kg1 Rad8 22. h3 Rxd4 23. hxg4 Qxg4 24. Qxg4 Bxg4 25. Nxd4 Be3+ 26. Kh2 Bxd4 27. c3 Be5+ 28. g3 h5 29. Kg2 h4 30. gxh4 Rd8 31. Rf2 Rd3 32. Rh1 Bg3 33. h5+ Kg5 34. Rf8 Bd6 35. h6 Rd2+ 36. Rf2 Rxf2+ 37. Kxf2 gxh6 38. Ke3 Bc5+ 39. Kd3 h5 40. b4 Bd6 41. Kd4 Kf4 42. a4 Be5+ 43. Kd3 Bf3 44. Rf1 h4 45. c4 h3 46. a5 $19 h2 47. b5 cxb5 48. cxb5 axb5 49. a6 h1=Q 50. Rxh1 Bxh1 51. a7 Bxe4+ 0-1

[Event "Liberia Championship 2023"]
[Site "Monrovia"]
[Date "2024.01.23"]
[Round "8.2"]
[White "David Leroy Debblay"]
[Black "Obediah Saah"]
[Result "1-0"]
[ECO "C58"]
[WhiteElo "1791"]
[BlackElo "1756"]
[Annotator "NA RC"]
[PlyCount "179"]
[EventDate "2024.01.16"]
[EventType "swiss"]
[EventCountry "LBR"]
[SourceTitle "playchess.com"]
[Source "ChessBase"]
[SourceQuality "1"]
[TimeControl "40/5400+30:1800+30"]

1. e4 e5 2. Nf3 Nc6 3. Bc4 Nf6 4. Ng5 d5 5. exd5 Na5 6. Bb5+ c6 7. dxc6 bxc6 8. Bd3 h6 9. Ne4 Nxe4 10. Bxe4 Qh4 11. Qf3 Bd7 12. d3 Rc8 13. h3 Bd6 14. Bd2 Nb7 15. Bf5 Bxf5 16. Qxf5 O-O 17. Qg4 Qxg4 18. hxg4 Be7 19. Nc3 Nd8 20. Ne4 Ne6 21. Bc3 f6 22. O-O Rb8 23. a3 c5 24. b3 Rb7 25. Nd2 Nf4 26. Rfe1 Kf7 27. Nc4 Rd8 28. g3 Ne6 29. Re2 Nd4 30. Bxd4 Rxd4 31. f3 Bf8 32. Rd1 g6 33. Kf2 Rb8 34. c3 Rd7 35. Rb2 Re8 36. Rdd2 Ke6 37. b4 Red8 38. Ke2 f5 39. gxf5+ gxf5 40. b5 Be7 41. a4 Bg5 42. Ne3 f4 43. gxf4 Bxf4 44. c4 h5 45. Rd1 h4 46. Nd5 Bg3 47. Rh1 Rf8 48. a5 Rdf7 49. Rf1 Kd6 50. b6 Rb8 51. Rb5 a6 52. Rbb1 Kc6 53. Nc3 Rg7 54. Ne4 Bf4 55. Nf6 Rg2+ 56. Rf2 Rxf2+ 57. Kxf2 Bd2 58. Ra1 Bc3 59. Ra2 Rf8 60. Ng4 Rd8 61. Ke3 Bd4+ 62. Ke4 Kd6 63. f4 exf4 64. Kxf4 Rf8+ 65. Ke4 Re8+ 66. Kf3 Re1 67. Rh2 Re8 68. Rxh4 Rh8 69. Rxh8 Bxh8 70. Nf2 Bb2 71. Ne4+ Kc6 72. Nd2 Bd4 73. Ke4 Bf2 74. Ke5 Bd4+ 75. Ke6 Bf2 76. Nb3 Bg1 77. Ke7 Bf2 78. Kd8 Be1 79. Kc8 Bxa5 80. b7 Bc7 81. Nxc5 a5 82. Na4 Kd6 83. b8=Q Bxb8 84. Kxb8 Ke5 85. c5 Kd5 86. Kb7 Kd4 87. c6 Kxd3 88. c7 Kc4 89. c8=Q+ Kb4 90. Nb6 1-0

[Event "Liberia Championship 2023"]
[Site "Monrovia"]
[Date "2024.01.23"]
[Round "8.3"]
[White "Barcon, Harmon"]
[Black "Alfred J. Kollie"]
[Result "1-0"]
[ECO "C66"]
[WhiteElo "1902"]
[BlackElo "1612"]
[Annotator "RC"]
[PlyCount "129"]
[EventDate "2024.01.16"]
[EventType "swiss"]
[EventCountry "LBR"]
[SourceTitle "playchess.com"]
[Source "ChessBase"]
[SourceQuality "1"]
[TimeControl "40/5400+30:1800+30"]

1. e4 e5 2. Nf3 Nc6 3. Bb5 d6 4. O-O Be7 5. h3 Nf6 6. Re1 Bd7 7. c3 O-O 8. d4 a6 9. Bd3 h6 10. Nbd2 Nh7 11. Nf1 Ng5 12. Ng3 Nxf3+ 13. Qxf3 exd4 14. cxd4 Nxd4 15. Qd1 Nc6 16. Be3 Bf6 17. Qd2 Ne5 18. Bf1 Be6 19. Qc2 Bh4 20. Ne2 Nc4 21. Bc1 Qf6 22. g3 Ne5 23. Bg2 Nf3+ 24. Bxf3 Qxf3 25. Nd4 Qf6 26. Nf5 Bxf5 27. exf5 Bg5 28. f4 Rae8 29. Be3 Rxe3 30. Rxe3 Qd4 31. Qc3 Bf6 32. Kh2 Qb6 33. Qb3 Bxb2 34. Qxb6 cxb6 35. Rd1 Rc8 36. Kg2 Rc2+ 37. Kf3 Bc1 38. Re8+ Kh7 39. Rxd6 Rc3+ 40. Kf2 Ba3 41. Rdd8 Bc5+ 42. Kg2 g5 43. Rg8 gxf4 44. gxf4 Be7 45. Rc8 Ra3 46. Rge8 Bh4 47. Rh8+ Kg7 48. Rcg8+ Kf6 49. Rxh6+ Kxf5 50. Rxh4 Rxa2+ 51. Kf3 Ra3+ 52. Ke2 b5 53. Rg5+ Ke6 54. Re5+ Kf6 55. Rh6+ Kg7 56. Rb6 Rxh3 57. Rxb7 Ra3 58. Ree7 Ra4 59. Ke3 b4 60. Rxf7+ Kg6 61. Rfc7 a5 62. Rb5 Ra3+ 63. Ke4 Rc3 64. Rxc3 bxc3 65. Rxa5 1-0

[Event "Liberia Championship 2023"]
[Site "Monrovia"]
[Date "2024.01.23"]
[Round "8.4"]
[White "Arnold Smith"]
[Black "Anthony Waylea, Jr."]
[Result "1/2-1/2"]
[ECO "C84"]
[WhiteElo "1844"]
[BlackElo "1939"]
[Annotator "TA"]
[PlyCount "101"]
[EventDate "2024.01.16"]
[EventType "swiss"]
[EventCountry "LBR"]
[SourceTitle "playchess.com"]
[Source "ChessBase"]
[SourceQuality "1"]
[TimeControl "40/5400+30:1800+30"]

1. e4 Nc6 2. Nf3 e5 3. Bb5 a6 4. Ba4 Nf6 5. O-O Be7 6. d3 b5 7. Bb3 d6 8. c3 Na5 9. Bc2 c5 10. a4 Bd7 {[%emt 0:00:56] Die Stellung ist ausgeglichen.} 11. Bg5 ({Vorzuziehen ist} 11. d4 $14) 11... O-O 12. Nbd2 h6 13. Bxf6 Bxf6 14. Re1 Nc6 15. Nf1 Qe7 16. Ne3 Rfb8 17. Nd5 Qd8 18. axb5 axb5 19. Qd2 Be7 20. d4 Bf8 21. h3 Rxa1 22. Rxa1 b4 ({Besser ist} 22... Be6 $11) 23. dxe5 dxe5 24. Rd1 b3 (24... Be8 $14) 25. Bd3 $16 {[%emt 0:01:35] Weiß steht aktiver.} Be6 26. Bc4 Qa5 27. Qe2 Qa4 28. Ne3 Bxc4 29. Qxc4 Qxc4 30. Nxc4 f6 31. Ra1 Kf7 32. Kf1 Nd8 33. Nfd2 Ne6 34. g3 Ke8 35. Ra3 Kd7 36. Nxb3 ({Nicht} 36. Rxb3 Rxb3 37. Nxb3 Ng5 $15) ({Günstiger ist} 36. h4 $18) 36... Ng5 37. Nbd2 {[%emt 0:02:08] Hervorragende Reitkunst.} Nxh3 38. Kg2 Ng5 39. f4 exf4 40. gxf4 Ne6 41. Kf3 (41. Ra7+ $16 Ke8 42. Kf3) 41... g5 {[%emt 0:04:36] [#]} (41... Bd6 $1 $14) 42. e5 (42. f5 $1 $18 Nc7 43. e5) 42... Nxf4 43. exf6 (43. Ra7+ $14 Ke6 44. Ra6+ Kf7 45. Rxf6+ (45. exf6 Re8 $11) 45... Kg8 46. Ra6) 43... Ke6 $11 44. Ra6+ Kf5 45. Ne3+ Kg6 46. Ndc4 Re8 {[%emt 0:01:15] Lässt Ne5+ nicht zu} 47. Ng4 {[%emt 0:00:37] [#] Nce5+ ist eine echte Drohung.} h5 48. Nge3 Re6 (48... Nd3 $17 49. Ke2 Ne5 50. Nxe5+ Rxe5) 49. Rxe6 Nxe6 50. Ne5+ ({Bitte nicht} 50. Nd5 Kf5 51. Kg2 g4 $17) 50... Kh7 (50... Kxf6 $11 51. Ke4 g4 52. N5xg4+ hxg4 53. Nxg4+ Ke7) 51. Nd7 {[%emt 1:04:35] Schwarz hat sich erfolgreich gewehrt.   Gewichteter Fehlerwert: Weiß=0.18 (sehr präzise) /Schwarz=0.24 (präzise) .  Fehler:       	Weiß=6     	Schwarz=5     Ungenau:       	Weiß=2     	Schwarz=3     OK:         	Weiß=9     	Schwarz=6     Bester:       	Weiß=1     	Schwarz=8} (51. Ke4 $14) 1/2-1/2

[Event "Liberia Championship 2023"]
[Site "Monrovia"]
[Date "2024.01.23"]
[Round "8.5"]
[White "Joel O. Ebiekuta"]
[Black "James, Tondo"]
[Result "*"]
[ECO "C17"]
[WhiteElo "1875"]
[BlackElo "1837"]
[Annotator "NA RC"]
[PlyCount "39"]
[EventDate "2024.01.16"]
[EventType "swiss"]
[EventCountry "LBR"]
[SourceTitle "playchess.com"]
[Source "ChessBase"]
[SourceQuality "1"]
[TimeControl "40/5400+30:1800+30"]

1. e4 e6 2. d4 d5 3. Nc3 Bb4 4. e5 c5 5. Nf3 Bxc3+ 6. bxc3 c4 7. Bg5 Qa5 8. Qd2 h6 9. Bh4 Na6 10. Ng1 Nc7 11. f3 Nb5 12. f4 Na3 13. Ne2 Qa4 14. g4 Qb5 15. Rc1 Ne7 16. Bg2 Ng6 17. O-O Ne7 18. Bxe7 h5 19. f5 Kxe7 20. Qg5+ *

[Event "Liberia Championship 2023"]
[Site "Monrovia"]
[Date "2024.01.23"]
[Round "8.5"]
[White "Joel O. Ebiekuta"]
[Black "James, Tondo"]
[Result "1-0"]
[ECO "C41"]
[WhiteElo "1875"]
[BlackElo "1837"]
[Annotator "NA RC"]
[PlyCount "83"]
[EventDate "2024.01.16"]
[EventType "swiss"]
[EventCountry "LBR"]
[SourceTitle "playchess.com"]
[Source "ChessBase"]
[SourceQuality "1"]
[TimeControl "40/5400+30:1800+30"]

1. e4 e5 2. Nf3 Nc6 3. d4 d6 4. h3 Be7 5. Nc3 Nf6 6. Be3 exd4 7. Nxd4 Nxd4 8. Bxd4 O-O 9. Bd3 Be6 10. Qf3 a6 11. O-O b5 12. e5 dxe5 13. Bxe5 Nd7 14. Bg3 Nc5 15. Be2 Bf6 16. Rad1 Qe7 17. Rfe1 b4 18. Nd5 Bxd5 19. Rxd5 Bxb2 20. Red1 Rad8 21. Bc4 Rxd5 22. Rxd5 Bf6 23. Kh2 Rd8 24. Rxd8+ Qxd8 25. Qc6 Ne6 26. Bxe6 fxe6 27. Qxe6+ Kf8 28. Qxa6 Be7 29. Qc6 Bd6 30. Bxd6+ cxd6 31. Qe4 Qb6 32. Kg3 g6 33. f4 Qc5 34. Qe6 Kg7 35. Qe7+ Kh6 36. Qf8+ Kh5 37. Kh2 Qxc2 38. Qg7 h6 39. Qb7 Qf2 40. Qxb4 Qxa2 41. Qxd6 Qf2 42. Qd1+ 1-0

[Event "Liberia Championship 2023"]
[Site "Monrovia"]
[Date "2024.01.23"]
[Round "8.7"]
[White "Jacob, Jallah"]
[Black "Kennedy Zinnah Kengo"]
[Result "0-1"]
[ECO "A15"]
[WhiteElo "1781"]
[BlackElo "1789"]
[Annotator "NA RC"]
[PlyCount "120"]
[EventDate "2024.01.16"]
[EventType "swiss"]
[EventCountry "LBR"]
[SourceTitle "playchess.com"]
[Source "ChessBase"]
[SourceQuality "1"]
[TimeControl "40/5400+30:1800+30"]

1. Nf3 Nf6 2. g3 g6 3. Bg2 Bg7 4. O-O O-O 5. c4 e6 6. Nc3 d5 7. cxd5 exd5 8. d4 Nbd7 9. Bg5 c6 10. Qd2 Qe7 11. Rfe1 Qb4 12. e4 dxe4 13. Nxe4 Qxd2 14. Nxf6+ Nxf6 15. Nxd2 Be6 16. b3 Nd5 17. Bxd5 Bxd5 18. Be3 Rfe8 19. Rac1 Re6 20. Kf1 Rae8 21. h3 h6 22. h4 f5 23. a4 g5 24. hxg5 hxg5 25. Nc4 Rh6 26. f3 Bxc4+ 27. bxc4 Rxe3 28. Rxe3 Rh1+ 29. Ke2 Rxc1 30. Re7 Rxc4 31. Rxb7 Bxd4 32. a5 Ra4 33. Rc7 Rxa5 34. Rxc6 f4 35. gxf4 gxf4 36. Kd3 Be3 37. Ke4 Kf7 38. Rh6 Ke7 39. Rc6 Kd7 40. Rc4 Rb5 41. Rc2 a5 42. Rh2 a4 43. Ra2 Ra5 44. Kd3 a3 45. Kc2 Rc5+ 46. Kb3 Bc1 47. Re2 Bb2 48. Rd2+ Ke6 49. Rd3 Rc1 50. Ka2 Ra1+ 51. Kb3 Re1 52. Ka2 Re3 53. Rd8 Rxf3 54. Ra8 Rf1 55. Rf8 f3 56. Rf4 f2 57. Kb3 Be5 58. Rf3 Bd6 59. Re3+ Kf5 60. Ka2 Ra1+ 0-1

[Event "Liberia Championship 2023"]
[Site "Monrovia"]
[Date "2024.01.23"]
[Round "8.8"]
[White "Martin Dunbar"]
[Black "Miller Moore"]
[Result "0-1"]
[ECO "C50"]
[WhiteElo "1709"]
[BlackElo "1677"]
[Annotator "NA RC"]
[PlyCount "37"]
[EventDate "2024.01.16"]
[EventType "swiss"]
[EventCountry "LBR"]
[SourceTitle "playchess.com"]
[Source "ChessBase"]
[SourceQuality "1"]
[TimeControl "40/5400+30:1800+30"]

1. e4 e5 2. Bc4 Bc5 3. Nf3 Nc6 4. a3 Nf6 5. d3 O-O 6. Bg5 Be7 7. Nc3 a6 8. h3 Kh8 9. Qd2 h6 10. Be3 b5 11. Bb3 Bb7 12. g4 Nh7 13. O-O-O b4 14. axb4 Bxb4 15. g5 h5 16. Bxf7 Rxf7 17. Nh4 Nf8 18. Qe2 g6 19. Nxg6+ 0-1

[Event "Liberia Championship 2023"]
[Site "Monrovia"]
[Date "2024.01.23"]
[Round "8.9"]
[White "Bobby Ballah"]
[Black "Prince Jegbadai"]
[Result "1-0"]
[ECO "C10"]
[WhiteElo "1913"]
[BlackElo "1627"]
[Annotator "NA RC"]
[PlyCount "65"]
[EventDate "2024.01.16"]
[EventType "swiss"]
[EventCountry "LBR"]
[SourceTitle "playchess.com"]
[Source "ChessBase"]
[SourceQuality "1"]
[TimeControl "40/5400+30:1800+30"]

1. e4 e6 2. d4 d5 3. Nc3 a6 4. Bd3 h6 5. Nf3 Bb4 6. O-O Ne7 7. Ne5 O-O 8. Qh5 Nd7 9. exd5 Nf6 10. Qe2 Bxc3 11. bxc3 Qxd5 12. Ba3 Re8 13. Rfe1 b5 14. Ng4 Qg5 15. Nxf6+ Qxf6 16. Qe4 g6 17. Bxe7 Qxe7 18. Qxa8 c6 19. Qb8 Rd8 20. Qf4 Kh7 21. Re5 f5 22. Rae1 Rf8 23. c4 Kg7 24. cxb5 axb5 25. Rc5 Bd7 26. c4 b4 27. Rb1 Ra8 28. Rxb4 Ra7 29. Qe5+ Kf7 30. Qh8 Qd6 31. Rb8 Rxa2 32. Rg8 e5 33. Qh7+ 1-0